 Dungeon Crawl Stone Soup version 0.31.0-12-g77e489cdc1 (webtiles) character file.

Game seed: 6444582069529306865

186 Bobsterar the Changeling (level 5, -1/34 HPs)
             Began as an Octopode Shapeshifter on Mar 7, 2024.
             Was an Initiate of Ru.
             Slain by an orc wizard
             ... wielding a +0 dagger
              (3 damage)
             ... on level 4 of the Dungeon.
             The game lasted 00:04:33 (2705 turns).

Bobsterar the Changeling (Octopode Shapeshifter)    Turns: 2705, Time: 00:04:35

Health: -1/34      AC:  1    Str: 15    XL:     5   Next: 66%
Magic:  7/7        EV: 13    Int: 13    God:    Ru [......]
Gold:   99         SH:  0    Dex: 11    Spells: 7/7 levels left

rFire   . .          .
                       - Unarmed
rCold   . . .        (no shield)
rNeg    . . .        (helmet currently unavailable)
rPois   .            (no amulet)
rElec   .            j - ring of resist corrosion
rCorr   +            (no ring)
SInv    .            (no ring)
Will    .....        (no ring)
Stlth   ++           (no ring)
HPRegen 0.25/turn    (no ring)
MPRegen 0.10/turn    (no ring)
                     (no ring)

%: no passive effects
@: mighty, beast-form
A: beast (slay +2), almost no armour, amphibious, 8 rings, camouflage 1,
gelatinous body 1, (nimble swimmer 1), tentacles
a: Begin Untransformation, Renounce Religion


You were on level 4 of the Dungeon.
You worshipped Ru.
Ru was noncommittal.
You were a hulking beast.
You visited 1 branch of the dungeon, and saw 4 of its levels.

You collected 99 gold pieces.

Inventory:

Jewellery
 j - a ring of resist corrosion (left tentacle)
Talismans
 b - a beast talisman (active)
 c - a flux talisman
Scrolls
 k - a scroll of amnesia
 m - a scroll of enchant weapon
Potions
 a - a potion of degeneration {unknown}
 i - a potion of resistance {unknown}
 l - a potion of heal wounds {unknown}


   Skills:
 + Level 2.2 Fighting
 + Level 2.8 Dodging
 + Level 3.6 Unarmed Combat
 + Level 1.6 Spellcasting
 * Level 4.2 Shapeshifting


You had 7 spell levels left.
You didn't know any spells.
Your spell library contained the following spells:

 Spells                   Type           Power      Damage    Failure   Level
 Apportation              Tloc           2%         N/A       26%         1
 Foxfire                  Conj/Fire      4%         2x1d4     26%         1
 Necrotise                Necr           4%         1d4       26%         1
 Sting                    Conj/Alch      4%         1d3       26%         1
 Summon Small Mammal      Summ           4%         N/A       26%         1
 Gell's Gravitas          Tloc           1%         N/A       63%         3
 Teleport Other           Tloc           1%         N/A       63%         3
 Dispersal                Tloc           0%         N/A       100%        6
 Plasma Beam              Fire/Air       0%         2x1d10    100%        6
 Starburst                Conj/Fire      0%         6d3       100%        6


Dungeon Overview and Level Annotations

Branches:
Dungeon (4/15)
 Temple: D:4-7

Altars:
Ru


Innate Abilities, Weirdness & Mutations

You are a hulking beast.
Your limbs bulge with bestial killing power. (Slay +2)
You cannot wear most types of armour.
You are amphibious.
You can wear up to eight rings at the same time.
Your skin changes colour to match your surroundings (Stealth+).
Your rubbery body absorbs attacks. (AC +1, EV +1)
((You are camouflaged when in or above water. (Stealth+)))
You have tentacles for arms and can constrict up to eight enemies at once.


Message History

You barely miss the giant cockroach. You grab the giant cockroach.
You squeeze the giant cockroach.
You kill the giant cockroach!
The orc misses you. The orc hits you with a +0 flail.
* * * LOW HITPOINT WARNING * * *
The orc hits you with a +0 trident.
* * * LOW HITPOINT WARNING * * *
The orc misses you.
Things that are here:
a +0 club; a +0 mace; an orc corpse 3 orcs come into view.
The orc completely misses you. The orc closely misses you.
You feel better. The orc closely misses you. The orc misses you.
Blink to where?
Press: ? - help, Q - select action, (/) - cycle Dir - move target
As you read the scroll of blinking, it crumbles to dust.
The orc misses you.
You bludgeon the orc!
You kill the orc!
You barely miss something. Something hits you. The orc closely misses you.
You bludgeon something! Something hits you.
* * * LOW HITPOINT WARNING * * *
The orc closely misses you.
You closely miss something. Something hits you.
* * * LOW HITPOINT WARNING * * *
The orc hits you from afar with a +0 trident!
* * * LOW HITPOINT WARNING * * *
Read: 2 scrolls of summoning
Press: ? - help, Q - select action, (/) - cycle Dir - look around, f - activate You can't see that place.
As you read the scroll of summoning, it crumbles to dust.
Wisps of shadow whirl around you... Something hits you but does no damage.
The orc closely misses you.
Read: scroll of summoning
Press: ? - help, Q - select action, (/) - cycle Dir - look around, f - activate Look: a goblin, wielding a +0 club (summoned, friendly)
As you read the scroll of summoning, it crumbles to dust.
Wisps of shadow whirl around you... Something hits you.
You die...

.........#......
................
.......<..#####.
###.####o.....#
#.##.)ยง.....#
#.##.....<..#
#J##........#
...#####g##........#
.....ogh.ooo.......#
....####.###########
. #g# #.# #.# #.#
#.# #.#


You could see 3 orcs, a friendly orc (summoned, wandering), a friendly endoplasm
(summoned) and 3 friendly goblins.

Vanquished Creatures
  Crazy Yiuf (D:2)
  An orc priest (D:4)
  4 gnolls (D:3)
  2 adders (D:3)
  3 dart slugs
  A ribbon worm (D:3)
  2 orcs (D:4)
  6 endoplasms
  3 giant cockroaches
  9 goblins
  4 hobgoblins
  2 jackals (D:1)
  5 quokkas
  3 ball pythons
  2 bats (D:1)
  A frilled lizard (D:1)
  4 kobolds
  6 rats
59 creatures vanquished.

Notes
Turn   | Place    | Note
-------+----------+-------------------------------------------
     0 | D:1      | Bobsterar the Octopode Shapeshifter began the quest for the
                  | Orb.
     0 | D:1      | Reached XP level 1. HP: 13/13 MP: 1/1
   201 | D:1      | Reached XP level 2. HP: 18/18 MP: 2/2
   459 | D:1      | You fall into a shaft and drop 1 floor!
   635 | D:1      | Reached XP level 3. HP: 16/23 MP: 3/3
  1107 | D:2      | Found a faded altar of an unknown god.
  1556 | D:2      | Found a runed translucent door.
  1557 | D:2      | Noticed Crazy Yiuf
  1613 | D:2      | Killed Crazy Yiuf
  1614 | D:2      | Reached skill level 1 in Spellcasting
  1614 | D:2      | Reached XP level 4. HP: 28/29 MP: 5/5
  1902 | D:3      | Found a sacrificial altar of Ru.
  1962 | D:3      | Became a worshipper of Ru the Awakened
  2189 | D:3      | Reached XP level 5. HP: 17/34 MP: 5/7
  2192 | D:3      | Reached skill level 4 in Shapeshifting
  2701 | D:4      | HP: 1/34 [orc/+0 trident (9)]
  2705 | D:4      | Slain by an orc wizard

Illustrated notes

Levels and vault maps discovered:
D:1:      denvon_arrival_waterhouse, layout_basic
D:2:      layout_rooms, dreamdust_ecumenical_altar_hidden_monk_grotto,
          uniq_crazy_yiuf_cottage
D:3:      layout_loops_ring, mainiacjoe_overflow_24_doors, st_stairs_5,
          nrook_uturn
D:4:      kennysheep_spiral_hall, layout_basic

Skill      XL: |  1  2  3  4  5 |
---------------+----------------+-----
Spellcasting   | 1 |  1.6
Fighting       | 2 |  2.2
Shapeshifting  | 4 |  4.2
Dodging        | |  2.8
Unarmed Combat | |  3.6

Action                     |  1- 3 |  4- 6 || total
---------------------------+-------+-------++-------
  Melee: Unarmed           |    59 |    61 ||   120
         Constrict         |    13 |    10 ||    23
         Tentacles         |    12 |     9 ||    21
    Use: Potion            |     1 |     4 ||     5
         Scroll            |       |     7 ||     7
   Stab: Sleeping          |     6 |     5 ||    11
 Armour: Skin              |    22 |    35 ||    57
  Dodge: Dodged            |    19 |    68 ||    87
   Form: Beast             |     1 |       ||     1
